Map: Scalo orbitale (Bilanciamento 3.0.5 v1.0)

Players

Jhyrachy

  • Race: Zerg Zerg
  • League: Silver

Inkrusion - Winner!

  • Race: Zerg Zerg
  • League: Diamond

VOD

Have the link to the VOD?

Description

Time

  • Played on: Dec. 10, 2015, 3:53 p.m.
  • Length: 5:47
Show
View Real Time Build Order
Export as new Build Order

Jhyrachy Zerg 

Build Orders: Pool Only, Zergling Baneling 

Get SALT Encoding   

  12  0:18  Spawning Pool  
  11  0:22  Drone  
  11  0:27  Drone  
  13  0:32  Drone  
  14  0:44  Overlord  
  14  0:49  Extractor  
  13  0:51  Extractor  
  13  0:54  Drone  
  13  0:56  Drone  
  16  1:06  Extractor  
  16  1:07  Queen  
  16  1:09  Drone  
  18  1:19  Zergling x2  
  19  1:33  Zergling x2  
  19  1:39  Overlord  
  20  1:50  Zergling x2  
  21  2:03  Zergling x2  
  22  2:11  Zergling x2  
  23  2:17  Overlord, Zergling x2  
  23  2:19  Zergling x2  
  25  2:41  Metabolic Boost  
  25  2:49  Baneling Nest  
  24  2:54  Zergling x10  
  25  3:23  Zergling x2  
  25  3:24  Zergling x10  
  31  3:35  Baneling  
  23  3:57  Zergling x10  
  25  4:37  Zergling x2  
  25  4:38  Zergling x10  
  23  4:57  Baneling  
  23  4:58  Baneling x11  
  23  5:03  Drone x2  
  25  5:07  Zergling x2  
  25  5:08  Zergling x4  
Show
View Real Time Build Order
Export as new Build Order

Inkrusion Zerg - Winner!

Build Orders: Pool First 

Get SALT Encoding   

  12  0:01  Drone  
  13  0:13  Overlord  
  13  0:18  Drone  
  14  0:32  Drone x2  
  16  0:38  Drone  
  17  0:47  Extractor  
  17  0:48  Spawning Pool  
  17  0:59  Hatchery  
  17  1:00  Drone  
  17  1:08  Extractor  
  16  1:17  Spawning Pool  
  15  1:20  Drone  
  16  1:35  Drone  
  17  1:47  Drone  
  18  2:03  Zergling x6  
  18  2:05  Queen, Spine Crawler  
  22  2:11  Metabolic Boost  
  22  2:35  Drone x2, Zergling x4  
  22  2:36  Zergling x2  
  27  2:43  Baneling Nest  
  26  2:56  Queen  
  24  3:14  Zergling x8  
  26  3:25  Overlord  
  26  3:29  Baneling  
  26  3:42  Queen  
  27  3:53  Zergling x4  
  27  3:54  Zergling x14  
  33  4:15  Zergling x4  
  33  4:16  Zergling x2  
  36  4:19  Queen  
  33  4:30  Zergling x4  
  35  4:31  Overlord x2  
  31  4:41  Baneling x3  
  31  4:42  Baneling x2  
  31  5:03  Roach Warren  
  31  5:04  Drone x4  
Tags
 
Add a new tag
Caveats
  • Supply blocks, unpowered buildings, or Contaminate may cause inaccurate times.
  • Supply counts are checked every 10 seconds.